Map: 블루시프트 - 래더

Players

Maru - Winner!

  • Race: Terran Terran
  • League: Master
  • Spawn Location: 1:00

lllllllllll (sOs)

  • Race: Protoss Protoss
  • League: Master
  • Spawn Location: 7:00

Event: IEM Season 13 - Katowice Server Qualifiers America

VOD

Have the link to the VOD?

Description

Time

  • Played on: Jan. 6, 2019, 8:11 p.m.
  • Length: 8:51

All games in this series

Show
View Real Time Build Order
Export as new Build Order

Maru Terran - Winner!

Build Orders:  

Get SALT Encoding   

  12  0:00  SCV  
  13  0:12  SCV  
  14  0:17  Supply Depot  
  14  0:24  SCV  
  15  0:39  SCV  
  15  0:40  Barracks  
  16  0:45  Refinery  
  16  0:51  SCV  
  16  0:55  Refinery  
  17  1:03  SCV  
  18  1:15  SCV  
  19  1:27  Reaper, Orbital Command  
  20  1:34  Supply Depot  
  20  1:44  Factory  
  20  1:53  SCV  
  21  1:59  Reaper  
  22  2:05  SCV  
  23  2:17  SCV  
  24  2:28  Widow Mine  
  24  2:29  SCV  
  27  2:38  Command Center  
  27  2:41  SCV  
  28  2:46  Supply Depot  
  28  2:53  SCV  
  28  2:57  Factory Tech Lab  
  29  3:00  Starport  
  29  3:06  SCV  
  30  3:15  Cyclone  
  33  3:20  SCV  
  33  3:32  SCV  
  34  3:35  Viking  
  34  3:41  Barracks  
  36  3:44  SCV  
  35  3:54  Cyclone  
  37  3:56  SCV  
  38  4:08  SCV  
  39  4:11  Viking  
  39  4:12  Orbital Command  
  41  4:18  Barracks Reactor  
  41  4:19  Barracks  
  41  4:20  SCV  
  42  4:28  Bunker  
  42  4:29  Barracks Tech Lab  
  42  4:31  Siege Tank  
  42  4:32  SCV  
  42  4:37  SCV  
  46  4:40  Engineering Bay  
  46  4:45  SCV  
  47  4:48  Supply Depot  
  47  4:49  SCV  
  47  4:51  Marine  
  49  4:53  Stimpack  
  49  4:57  SCV  
  50  5:01  Engineering Bay  
  50  5:02  SCV  
  50  5:08  Terran Infantry Weapons Level 1  
  50  5:09  SCV  
  50  5:10  Missile Turret  
  50  5:14  SCV  
  52  5:15  Marine x3  
  52  5:17  Factory Reactor  
  52  5:19  Missile Turret  
  52  5:21  SCV  
  56  5:23  Supply Depot  
  56  5:25  Starport Reactor  
  56  5:26  SCV  
  56  5:28  Refinery  
  57  5:30  Marine  
  57  5:33  SCV  
  59  5:35  Marine  
  59  5:36  Marine x2  
  59  5:41  Supply Depot  
  62  5:45  SCV  
  62  5:48  SCV  
  64  5:50  Combat Shield  
  64  5:53  Supply Depot  
  64  5:54  Widow Mine x2  
  64  5:55  Marine x2  
  70  6:02  Supply Depot  
  70  6:03  SCV x2  
  70  6:04  Marauder  
  74  6:09  Marauder  
  76  6:12  Medivac  
  76  6:17  Marine x2, Supply Depot  
  80  6:20  SCV  
  80  6:21  SCV  
  82  6:26  Marine  
  82  6:28  Widow Mine x2, Missile Turret  
  82  6:30  Marine  
  88  6:32  Medivac  
  88  6:38  SCV x2  
  84  6:50  Marine x4, SCV  
  84  6:51  Missile Turret, SCV  
  84  6:53  Widow Mine  
  92  6:54  Medivac  
  94  7:03  SCV  
  94  7:07  Marine x2  
  92  7:17  Widow Mine x2  
  92  7:18  Marine  
  92  7:19  Marine  
  98  7:25  Marine x2  
  100  7:31  Command Center  
  100  7:35  SCV  
  101  7:37  Supply Depot  
  101  7:39  Marine  
  101  7:41  Marine  
  101  7:43  Marine  
  104  7:53  Marine  
  104  7:55  SCV  
  104  7:56  Widow Mine, SCV  
  104  7:58  Marauder  
  108  7:59  Marauder  
  108  8:01  Medivac  
  106  8:09  Marine  
  106  8:10  SCV  
  106  8:11  Widow Mine  
  97  8:14  Marine  
  97  8:19  Marauder  
  95  8:29  Marine, Marauder  
  95  8:33  SCV x2  
  101  8:46  Barracks  
  95  8:49  Barracks  
Show
View Real Time Build Order
Export as new Build Order

lllllllllll Protoss 

Build Orders: Oracle Opening 

Get SALT Encoding   

  12  0:00  Probe  
  13  0:12  Probe  
  14  0:17  Pylon  
  14  0:24  Probe  
  15  0:32  Probe  
  15  0:37  Gateway  
  15  0:40  Probe  
  16  0:46  Assimilator  
  17  0:51  Probe  
  18  1:03  Probe  
  19  1:08  Pylon  
  19  1:15  Probe  
  20  1:20  Assimilator  
  20  1:26  Cybernetics Core  
  20  1:27  Probe  
  20  1:30  Zealot  
  23  1:39  Probe  
  24  1:51  Probe  
  25  1:54  Adept  
  25  2:03  Probe  
  28  2:11  Stargate  
  27  2:15  Probe  
  28  2:25  Pylon  
  28  2:26  Adept  
  31  2:30  Probe  
  31  2:49  Pylon  
  31  2:56  Probe  
  31  3:00  Oracle, Pylon  
  31  3:08  Probe  
  35  3:14  Nexus  
  35  3:25  Probe  
  36  3:28  Oracle  
  34  3:37  Probe  
  38  3:44  Pylon  
  38  3:46  Warp Gate  
  38  3:50  Probe  
  39  3:57  Oracle  
  40  4:02  Probe  
  43  4:14  Pylon  
  43  4:15  Probe  
  44  4:27  Oracle, Probe  
  45  4:36  Probe  
  49  4:39  Probe  
  50  4:49  Gateway, Probe  
  50  4:50  Gateway  
  50  4:51  Probe  
  52  4:53  Oracle  
  52  4:55  Stalker  
  54  5:01  Probe  
  54  5:03  Probe  
  59  5:13  Probe  
  60  5:15  Probe  
  61  5:21  Nexus  
  61  5:25  Oracle, Probe  
  61  5:27  Probe  
  63  5:34  Pylon  
  63  5:37  Probe  
  63  5:40  Pylon  
  66  5:52  Zealot, Stalker x2  
  66  5:55  Probe x2, Assimilator  
  74  6:00  Assimilator  
  74  6:08  Probe  
  74  6:09  Probe, Pylon  
  76  6:14  Stalker  
  76  6:15  Stalker x2  
  82  6:23  Probe x2  
  84  6:33  Forge  
  84  6:34  Twilight Council  
  84  6:35  Probe x2  
  86  6:48  Probe x2  
  86  6:52  Charge  
  88  6:57  Zealot x2  
  88  6:58  Zealot  
  88  6:59  Pylon  
  94  7:09  Probe x2  
  94  7:12  Gateway  
  94  7:15  Gateway  
  96  7:17  Templar Archives, Gateway  
  96  7:20  Gateway  
  96  7:23  Sentry x2, Zealot  
  96  7:25  Probe  
  96  7:26  Probe x2  
  105  7:35  Pylon  
  105  7:37  Pylon  
  105  7:42  Photon Cannon  
  105  7:49  Stalker x2  
  109  7:54  Zealot  
  91  8:11  Zealot x3  
  83  8:13  Zealot x2  
  83  8:15  Zealot x2  
  77  8:30  Probe  
  77  8:32  Zealot x3  
  78  8:39  Zealot x4  

Tags
 
Add a new tag
Caveats
  • Supply blocks, unpowered buildings, or Contaminate may cause inaccurate times.
  • Supply counts are checked every 10 seconds.